Map: Blackrock LE

Players

Halo - Winner!

  • Race: Zerg Zerg

A.I. 1 (Very Hard)

  • Race: Zerg Zerg

VOD

Have the link to the VOD?

Description

Time

  • Played on: Aug. 5, 2026, 5:14 p.m.
  • Length: 15:37
Show
View Real Time Build Order
Export as new Build Order

Halo Zerg - Winner!

Build Orders: Hatch First 

Get SALT Encoding   

  8  0:00  Drone  
  9  0:10  Drone  
  10  0:16  Drone  
  11  0:21  Drone  
  11  0:27  Extractor  
  11  0:30  Drone  
  13  0:40  Overlord  
  13  1:00  Drone x2  
  15  1:14  Hatchery  
  15  1:17  Drone  
  15  1:22  Drone  
  16  1:38  Spawning Pool  
  15  1:42  Extractor  
  15  1:43  Drone  
  16  1:47  Drone  
  16  1:51  Drone  
  17  1:55  Drone  
  18  2:02  Drone  
  19  2:13  Overlord  
  19  2:23  Drone  
  20  2:33  Zergling x4  
  22  2:40  Queen x2  
  22  2:44  Drone  
  27  2:47  Drone  
  28  2:54  Overlord  
  28  2:57  Drone  
  29  3:01  Drone  
  29  3:03  Drone  
  31  3:09  Metabolic Boost  
  31  3:30  Drone  
  31  3:32  Drone, Hatchery  
  32  3:37  Overlord  
  32  3:43  Drone x2  
  34  3:51  Queen  
  34  3:55  Drone  
  37  3:56  Drone  
  37  4:02  Overlord  
  38  4:06  Overlord  
  38  4:08  Drone  
  39  4:12  Drone  
  39  4:13  Drone  
  41  4:22  Drone x4  
  45  4:25  Overlord  
  45  4:29  Extractor  
  44  4:33  Baneling Nest  
  43  4:40  Drone x3  
  43  4:42  Drone x2  
  43  4:43  Drone  
  49  4:48  Queen  
  51  4:53  Zergling x4  
  51  4:54  Zergling x2  
  51  4:55  Zergling x2  
  51  4:57  Zergling x2  
  51  4:59  Zergling x2  
  57  5:05  Drone  
  57  5:06  Drone x3  
  61  5:09  Overlord  
  61  5:13  Overlord  
  61  5:18  Drone x3  
  64  5:22  Drone  
  64  5:24  Drone x2  
  67  5:37  Overlord x3  
  67  5:40  Drone x3  
  67  5:41  Zergling x8  
  67  5:42  Zergling x2  
  75  5:51  Lair  
  75  5:52  Drone x2, Evolution Chamber  
  75  5:55  Zergling x2, Evolution Chamber  
  76  6:07  Overlord  
  76  6:08  Overlord x2  
  76  6:09  Zergling x12  
  76  6:10  Zergling x2  
  76  6:11  Zergling x2  
  84  6:12  Zergling x2  
  85  6:24  Zerg Melee Weapons Level 1, Zerg Ground Armor Level 1  
  85  6:26  Zergling x8  
  89  6:49  Drone  
  89  6:51  Drone  
  91  6:56  Hatchery  
  91  7:01  Drone  
  91  7:06  Hatchery  
  90  7:13  Overlord x3  
  90  7:14  Hatchery, Zergling x2  
  90  7:15  Zergling x24, Hatchery  
  102  7:16  Zergling x2  
  102  7:17  Zergling x2  
  103  7:30  Zergling x2  
  103  7:31  Zergling x6  
  107  7:37  Baneling x18  
  107  7:48  Centrifugal Hooks, Zergling x8  
  107  7:49  Zergling x2  
  112  8:00  Overlord x3  
  112  8:02  Zergling x2  
  113  8:16  Drone x12  
  125  8:22  Extractor  
  125  8:24  Queen  
  128  8:30  Zergling x14  
  128  8:31  Zergling x4  
  123  8:54  Zergling x12  
  123  8:55  Zergling x24  
  127  9:24  Hatchery  
  126  9:48  Zergling x2  
  126  9:49  Zergling x44  
  126  9:51  Baneling x2  
  126  9:52  Baneling x15  
  149  10:04  Drone x2  
  149  10:05  Zergling x2  
  149  10:06  Zergling x10  
  157  10:35  Zergling x2  
  157  10:36  Zergling x42  
  179  10:47  Queen  
  181  10:50  Drone x8  
  181  10:51  Drone x5  
  194  11:07  Overlord x2  
  194  11:08  Zergling x4  
  144  11:26  Zergling x2  
  144  11:27  Zergling x48  
  144  11:28  Zergling x10  
  149  11:42  Zergling x6  
  149  11:43  Zergling x26  
  136  11:51  Zerg Melee Weapons Level 2  
  136  12:07  Zergling x12  
  136  12:08  Zergling x30  
  157  12:13  Zerg Ground Armor Level 2  
  157  12:29  Zergling x2  
  162  12:30  Zergling x42  
  162  12:31  Baneling  
  162  12:32  Baneling x24  
  162  12:33  Baneling x4  
  179  12:58  Zergling x34  
  187  12:59  Zergling x8  
  146  13:13  Zergling x2  
  146  13:14  Zergling x40  
  152  13:41  Zergling x28  
  149  13:42  Zergling x26  
  158  13:56  Zergling x18  
  158  13:57  Zergling x6  
  154  14:06  Zergling x26  
  157  14:26  Spire  
  157  14:27  Hydralisk Den  
  157  14:31  Infestation Pit  
  146  14:50  Zergling x2  
  146  14:51  Zergling x42  
  146  14:52  Zergling x30  
  183  15:07  Hydralisk x9  
  183  15:08  Extractor  
  200  15:18  Extractor  
  200  15:20  Extractor  
Show
View Real Time Build Order
Export as new Build Order

A.I. 1 (Very Hard) Zerg 

Build Orders: Pool First 

Get SALT Encoding   

  8  0:00  Drone  
  9  0:11  Drone  
  10  0:16  Drone  
  11  0:21  Drone  
  12  0:33  Overlord  
  12  0:51  Drone x3  
  15  1:01  Drone  
  16  1:10  Spawning Pool  
  15  1:13  Drone  
  16  1:21  Drone  
  17  1:41  Hatchery  
  17  1:42  Drone  
  17  1:46  Extractor  
  16  1:47  Drone  
  16  1:51  Drone  
  18  2:00  Drone  
  19  2:10  Overlord  
  19  2:20  Drone  
  20  2:28  Queen  
  22  2:30  Zergling x2  
  23  2:40  Drone  
  24  2:50  Drone  
  25  2:53  Queen  
  27  3:00  Roach Warren  
  27  3:05  Drone  
  27  3:08  Extractor  
  27  3:09  Drone  
  27  3:16  Overlord  
  27  3:19  Drone  
  28  3:23  Drone  
  28  3:25  Drone  
  30  3:29  Drone  
  30  3:31  Drone  
  32  3:35  Zergling x2  
  32  3:39  Zergling x2  
  34  3:43  Roach  
  38  3:48  Roach  
  38  3:52  Roach  
  40  3:57  Overlord  
  40  4:12  Lair  
  40  4:15  Drone x2  
  40  4:16  Roach  
  44  4:17  Metabolic Boost  
  44  4:23  Drone  
  45  4:25  Drone  
  45  4:27  Drone  
  45  4:30  Drone  
  48  4:33  Overlord  
  48  4:51  Drone x4  
  48  4:52  Drone  
  53  4:53  Evolution Chamber  
  53  4:54  Drone  
  53  4:55  Evolution Chamber  
  53  4:56  Drone  
  53  4:58  Drone  
  54  5:06  Overlord  
  54  5:13  Hydralisk Den  
  53  5:15  Infestation Pit  
  53  5:16  Drone  
  53  5:17  Drone  
  54  5:24  Ravager, Drone, Roach  
  54  5:26  Overlord  
  54  5:28  Drone  
  59  5:30  Drone  
  59  5:31  Drone  
  59  5:33  Drone  
  62  5:42  Hydralisk  
  64  5:44  Hydralisk, Overlord, Drone, Ravager, Roach  
  64  5:47  Hydralisk  
  72  5:56  Extractor  
  71  6:00  Hydralisk, Extractor  
  71  6:02  Hydralisk, Drone, Roach, Overlord  
  77  6:07  Drone, Roach  
  80  6:20  Hydralisk, Drone  
  80  6:21  Overlord, Roach x2, Drone  
  88  6:38  Hydralisk  
  88  6:39  Drone x2, Overlord, Roach  
  94  6:41  Drone  
  94  6:42  Drone  
  95  6:56  Hydralisk  
  95  6:57  Infestor, Drone, Roach  
  102  7:02  Overlord  
  102  7:04  Drone  
  103  7:11  Spine Crawler, Drone  
  103  7:13  Overseer  
  103  7:14  Spine Crawler  
  103  7:15  Drone  
  103  7:20  Zerg Missile Weapons Level 1, Infestor, Drone, Overlord, Roach  
  108  7:29  Zerg Ground Armor Level 1  
  108  7:31  Roach  
  110  7:38  Hydralisk, Overlord  
  110  7:40  Hydralisk  
  110  7:43  Hatchery  
  113  7:44  Hydralisk  
  113  7:49  Hydralisk  
  117  7:52  Spore Crawler  
  117  7:54  Spore Crawler, Drone  
  117  7:57  Overlord  
  116  8:05  Lurker Den  
  115  8:06  Drone  
  116  8:15  Spine Crawler  
  116  8:16  Drone  
  116  8:19  Baneling Nest, Drone  
  116  8:38  Overlord  
  116  8:39  Hive  
  116  8:40  Zergling x2  
  116  8:42  Zergling x2  
  116  8:46  Queen  
  118  8:55  Drone x4  
  75  8:56  Hydralisk, Drone x4  
  75  8:57  Drone x3  
  75  8:58  Drone  
  75  9:00  Roach  
  80  9:02  Drone  
  80  9:03  Roach  
  80  9:04  Extractor  
  80  9:05  Roach  
  80  9:08  Roach  
  86  9:10  Drone  
  86  9:14  Hydralisk  
  88  9:18  Drone x3, Roach  
  88  9:19  Baneling  
  88  9:21  Zergling x2  
  88  9:23  Lurker, Hydralisk  
  88  9:24  Drone x2, Roach  
  97  9:29  Drone  
  97  9:30  Drone  
  102  9:31  Baneling  
  102  9:33  Baneling  
  102  9:34  Zergling x2  
  103  9:39  Drone  
  103  9:41  Roach  
  103  9:42  Baneling  
  103  9:43  Baneling x2  
  103  9:44  Zergling x2  
  107  9:47  Ravager  
  107  9:48  Extractor  
  107  9:49  Hydralisk, Roach, Drone  
  107  9:50  Roach  
  107  9:51  Viper  
  117  9:54  Hydralisk  
  117  9:55  Baneling, Zergling x2  
  117  9:56  Baneling  
  120  10:05  Baneling x2, Zergling x2  
  121  10:08  Ravager  
  121  10:09  Roach  
  121  10:11  Drone x2, Roach  
  128  10:15  Baneling x2, Zergling x2  
  128  10:18  Hydralisk, Overlord  
  128  10:21  Hydralisk  
  131  10:27  Baneling x2, Zergling x2  
  134  10:34  Infestor  
  136  10:36  Baneling x2, Zergling x2  
  136  10:39  Overlord  
  136  10:40  Roach  
  136  10:41  Spine Crawler  
  138  10:43  Drone  
  138  10:49  Baneling x2, Zergling x2  
  140  10:50  Infestor  
  140  10:52  Roach, Spine Crawler  
  140  10:54  Spore Crawler  
  142  10:58  Baneling, Zergling x2, Centrifugal Hooks  
  142  10:59  Baneling, Overlord  
  142  11:00  Roach  
  142  11:02  Hydralisk  
  147  11:04  Spine Crawler  
  147  11:05  Hydralisk  
  147  11:06  Spine Crawler  
  147  11:09  Hydralisk  
  149  11:12  Hydralisk  
  149  11:15  Queen  
  149  11:18  Overlord, Zergling x4  
  152  11:19  Zergling x2  
  152  11:21  Drone x2  
  152  11:22  Drone x3  
  152  11:23  Drone x4  
  152  11:24  Drone x2, Hatchery  
  120  11:28  Drone  
  120  11:29  Drone  
  120  11:30  Drone x2  
  120  11:31  Drone  
  112  11:33  Drone  
  112  11:36  Drone  
  112  11:38  Drone  
  110  11:40  Drone  
  110  11:42  Drone  
  110  11:44  Drone  
  110  11:46  Zergling x2  
  99  11:48  Drone  
  99  11:50  Drone  
  99  11:52  Drone, Ravager  
  103  11:57  Ravager, Roach, Drone  
  103  11:58  Drone  
  103  12:00  Drone  
  109  12:02  Drone  
  109  12:04  Roach  
  109  12:06  Roach  
  109  12:07  Baneling x2, Zergling x2  
  115  12:09  Roach  
  115  12:10  Baneling x3  
  115  12:11  Zergling x2  
  118  12:20  Ultralisk Cavern  
  117  12:26  Baneling x2, Zergling x2  
  117  12:33  Baneling, Spine Crawler, Zergling x2  
  117  12:34  Baneling  
  117  12:37  Drone x2  
  118  12:38  Drone x2  
  118  12:39  Spine Crawler  
  118  12:40  Drone  
  118  12:41  Drone  
  118  12:43  Drone  
  123  12:45  Drone  
  123  12:46  Drone  
  123  12:47  Baneling  
  123  12:48  Baneling, Zergling x2  
  123  12:49  Drone  
  123  12:50  Drone  
  128  12:52  Drone  
  128  12:53  Drone  
  128  12:54  Drone  
  128  12:55  Drone  
  128  12:56  Baneling  
  128  12:57  Zergling x2  
  133  13:02  Roach  
  133  13:03  Drone  
  133  13:04  Drone  
  133  13:05  Drone  
  130  13:06  Drone  
  130  13:10  Hydralisk  
  130  13:11  Ultralisk  
  130  13:12  Roach  
  93  13:14  Roach  
  93  13:16  Zergling x2  
  93  13:18  Roach  
  76  13:21  Hydralisk  
  76  13:25  Hydralisk  
  78  13:27  Baneling x2  
  67  13:44  Zergling x2  
  67  13:47  Roach  
  66  13:50  Zergling x2  
  66  13:53  Roach  
  67  13:55  Roach  
  67  13:58  Hydralisk x2, Roach  
  67  13:59  Drone  
  61  14:10  Hydralisk, Zergling x2  
  29  14:27  Queen  
  29  14:28  Drone, Zergling x2  
  22  14:57  Drone  
  17  15:07  Hatchery  
Tags
 
Add a new tag
Caveats
  • Supply blocks, unpowered buildings, or Contaminate may cause inaccurate times.
  • Supply counts are checked every 10 seconds.